Map: Hidden Caves

Players

Bes

  • Race: Protoss Protoss
  • League: Bronze

Ghost

  • Race: Protoss Protoss
  • League: Silver

klimok

  • Race: Protoss Protoss

Barbara

  • Race: Protoss Protoss
  • League: Bronze

JUunK - Winner!

  • Race: Protoss Protoss

SAaraa - Winner!

  • Race: Protoss Protoss

Fermi - Winner!

  • Race: Terran Terran
  • League: Gold

DaemonHell - Winner!

  • Race: Protoss Protoss

VOD

Have the link to the VOD?

Description

Time

  • Played on: Feb. 23, 2016, 2:21 p.m.
  • Length: 11:44
Show
View Real Time Build Order
Export as new Build Order

Bes Protoss 

Build Orders:  

Get SALT Encoding   

  12  0:13  Pylon  
  12  0:19  Assimilator  
  12  0:24  Assimilator  
  12  0:41  Gateway  
  12  0:52  Probe (Chrono Boost)  
  13  1:03  Probe (Chrono Boost)  
  14  1:13  Probe (Chrono Boost)  
  15  1:24  Probe (Chrono Boost)  
  16  1:29  Forge  
  16  1:35  Probe (Chrono Boost)  
  17  1:40  Cybernetics Core  
  17  1:46  Probe (Chrono Boost)  
  18  1:57  Probe (Chrono Boost)  
  19  2:27  Pylon  
  19  2:32  Photon Cannon  
  19  2:43  Pylon  
  19  2:53  Stargate  
  19  2:56  Stargate  
  19  3:11  Pylon  
  19  3:29  Photon Cannon  
  19  3:32  Photon Cannon  
  19  3:36  Photon Cannon  
  19  3:55  Void Ray (Chrono Boost)  
  27  4:19  Void Ray (Chrono Boost)  
  27  4:30  Warp Gate  
  29  4:38  Mothership Core  
  29  5:13  Void Ray (Chrono Boost)  
  37  5:18  Void Ray (Chrono Boost)  
  31  5:50  Void Ray (Chrono Boost)  
  31  6:00  Fleet Beacon  
  31  6:38  Nexus  
  31  6:42  Assimilator  
  31  6:46  Assimilator  
  35  7:17  Probe  
  35  7:20  Tempest (Chrono Boost)  
  36  7:29  Probe  
  37  7:41  Tempest (Chrono Boost)  
  37  7:42  Probe  
  42  7:51  Probe  
  42  7:54  Mothership Core  
  45  8:09  Probe  
  46  8:17  Probe  
  46  8:19  Probe  
  48  8:29  Probe  
  48  8:30  Probe  
  48  8:40  Probe  
  40  9:00  Tempest (Chrono Boost)  
  44  9:08  Tempest (Chrono Boost)  
  48  9:24  Probe  
  48  9:26  Probe  
  50  9:36  Probe  
  51  9:38  Probe  
  52  9:50  Probe  
  53  9:55  Pylon  
  53  9:56  Pylon  
  53  9:57  Pylon  
  9  11:14  Nexus  
Show
View Real Time Build Order
Export as new Build Order

Ghost Protoss 

Build Orders: Dark Templar Rush 

Get SALT Encoding   

  12  0:02  Probe (Chrono Boost)  
  13  0:13  Probe (Chrono Boost)  
  14  0:23  Probe (Chrono Boost)  
  14  0:25  Pylon  
  15  0:32  Assimilator  
  15  0:44  Probe (Chrono Boost)  
  15  0:45  Gateway  
  16  0:50  Assimilator  
  16  0:54  Probe (Chrono Boost)  
  17  1:09  Probe (Chrono Boost)  
  18  1:19  Probe (Chrono Boost)  
  19  1:25  Pylon  
  19  1:30  Probe (Chrono Boost)  
  20  1:33  Cybernetics Core  
  20  1:40  Probe (Chrono Boost)  
  21  1:52  Gateway  
  21  1:55  Pylon  
  21  2:00  Gateway  
  21  2:09  Gateway  
  21  2:13  Warp Gate (Chrono Boost)  
  21  2:24  Probe  
  22  2:30  Pylon  
  22  2:36  Probe  
  23  2:48  Probe  
  24  3:00  Twilight Council, Probe  
  25  3:07  Pylon  
  25  3:11  Stalker  
  25  3:12  Stalker  
  29  3:39  Dark Shrine  
  29  3:42  Robotics Facility  
  29  4:38  Nexus  
  29  4:40  Assimilator  
  29  4:42  Warp Prism (Chrono Boost)  
  29  4:45  Assimilator  
  31  4:48  Pylon  
  31  4:55  Dark Templar x4  
  37  5:09  Probe  
  39  5:14  Observer (Chrono Boost)  
  39  5:21  Probe  
  40  5:33  Probe  
  41  5:45  Probe  
  42  5:58  Probe  
  43  6:10  Probe  
  44  6:14  Dark Templar x4  
  34  6:33  Warp Prism (Chrono Boost)  
  34  6:38  Dark Templar x2  
  34  6:39  Dark Templar x2  
  44  6:45  Probe  
  45  6:55  Forge  
  45  6:56  Probe  
  46  7:12  Forge  
  46  7:28  Dark Templar  
  46  7:29  Dark Templar x3  
  54  7:32  Protoss Ground Weapons Level 1  
  54  7:48  Charge (Chrono Boost)  
  54  7:55  Probe  
  55  8:06  Probe  
  54  8:35  Pylon  
  54  8:39  Pylon  
  54  8:44  Probe  
  55  8:50  Stargate  
  55  8:51  Stargate  
  55  8:53  Stargate  
  55  8:56  Probe  
  52  9:08  Probe  
  50  9:36  Zealot x3  
  50  9:37  Zealot  
  56  9:41  Phoenix x2 (Chrono Boost)  
  56  9:44  Phoenix (Chrono Boost)  
  62  10:04  Phoenix x2 (Chrono Boost)  
  68  10:09  Phoenix (Chrono Boost)  
  68  10:18  Dark Templar  
  68  10:20  Dark Templar  
  72  10:25  Phoenix (Chrono Boost)  
  74  10:34  Phoenix (Chrono Boost)  
  72  10:43  Stalker  
  72  10:44  Stalker  
  76  10:52  Stalker  
  76  10:54  Stalker  
  74  11:22  Stalker  
  74  11:23  Stalker x3  
Show
View Real Time Build Order
Export as new Build Order

klimok Protoss 

Build Orders:  

Get SALT Encoding   

  12  0:04  Probe (Chrono Boost)  
  13  0:18  Probe (Chrono Boost)  
  14  0:26  Pylon  
  14  0:28  Probe (Chrono Boost)  
  15  0:39  Assimilator  
  15  0:44  Probe (Chrono Boost)  
  15  0:47  Gateway  
  16  0:54  Probe (Chrono Boost)  
  17  1:05  Probe (Chrono Boost)  
  18  1:12  Assimilator  
  18  1:15  Probe (Chrono Boost)  
  19  1:20  Pylon  
  19  1:26  Probe (Chrono Boost)  
  20  1:36  Cybernetics Core  
  20  1:45  Probe (Chrono Boost)  
  21  1:56  Probe (Chrono Boost)  
  22  2:06  Pylon, Probe (Chrono Boost)  
  23  2:19  Stargate  
  23  2:22  Stargate  
  23  2:44  Nexus  
  23  2:45  Probe (Chrono Boost)  
  24  2:56  Probe (Chrono Boost)  
  25  3:09  Pylon  
  25  3:12  Void Ray  
  33  3:47  Forge  
  29  3:57  Probe (Chrono Boost)  
  29  4:01  Void Ray  
  34  4:07  Void Ray  
  34  4:08  Probe (Chrono Boost)  
  39  4:18  Probe (Chrono Boost)  
  40  4:24  Assimilator  
  40  4:28  Assimilator, Probe (Chrono Boost)  
  40  4:29  Probe (Chrono Boost)  
  42  4:39  Probe x2 (Chrono Boost)  
  42  4:44  Void Ray  
  48  4:49  Probe (Chrono Boost)  
  48  4:50  Void Ray  
  53  4:54  Probe (Chrono Boost)  
  54  5:04  Probe (Chrono Boost)  
  55  5:13  Protoss Air Weapons Level 1  
  55  5:20  Probe (Chrono Boost)  
  56  5:23  Probe (Chrono Boost)  
  57  5:31  Probe (Chrono Boost)  
  57  5:34  Probe (Chrono Boost)  
  59  5:44  Probe (Chrono Boost)  
  60  5:55  Probe (Chrono Boost)  
  61  6:05  Probe (Chrono Boost)  
  62  6:25  Photon Cannon  
  62  6:26  Photon Cannon  
  62  6:28  Photon Cannon  
  62  6:29  Photon Cannon  
  62  6:31  Photon Cannon  
  62  6:35  Pylon  
  62  6:38  Pylon  
  62  6:45  Pylon x2  
  62  6:51  Protoss Shields Level 1  
  62  6:53  Void Ray x2  
  70  7:07  Protoss Air Armor Level 1  
  70  7:35  Void Ray x2  
  70  8:05  Stargate  
  70  8:06  Stargate  
  70  8:08  Stargate  
  70  8:12  Stargate  
  70  8:28  Nexus  
  70  8:42  Phoenix x2  
  74  8:51  Phoenix x2  
  74  8:52  Phoenix  
  80  8:56  Phoenix  
  71  9:27  Phoenix x6  
  83  9:48  Probe (Chrono Boost)  
  83  9:52  Phoenix  
  86  9:59  Probe (Chrono Boost)  
  87  10:00  Phoenix  
  87  10:01  Phoenix x3  
  95  10:09  Probe (Chrono Boost)  
  95  10:12  Phoenix  
  98  10:17  Phoenix  
  98  10:20  Probe (Chrono Boost)  
  101  10:25  Phoenix x2  
Show
View Real Time Build Order
Export as new Build Order

Barbara Protoss 

Build Orders:  

Get SALT Encoding   

  12  0:03  Probe (Chrono Boost)  
  13  0:20  Probe (Chrono Boost)  
  14  0:22  Pylon  
  14  0:30  Probe (Chrono Boost)  
  14  1:14  Forge  
  14  1:15  Assimilator  
  14  1:20  Probe (Chrono Boost)  
  14  1:21  Assimilator  
  15  1:31  Probe (Chrono Boost)  
  16  1:42  Probe (Chrono Boost)  
  17  1:52  Probe (Chrono Boost)  
  18  1:59  Pylon  
  18  2:03  Probe (Chrono Boost)  
  19  2:13  Probe (Chrono Boost)  
  20  2:20  Photon Cannon  
  20  2:22  Photon Cannon  
  20  2:24  Probe (Chrono Boost)  
  20  3:09  Gateway  
  20  3:18  Probe (Chrono Boost)  
  21  3:23  Protoss Shields Level 1  
  21  3:28  Probe (Chrono Boost)  
  22  3:39  Probe (Chrono Boost)  
  23  3:46  Nexus  
  23  3:58  Pylon  
  23  4:02  Pylon  
  23  4:05  Assimilator  
  23  4:10  Assimilator  
  23  4:16  Probe (Chrono Boost)  
  24  4:22  Cybernetics Core  
  24  4:25  Cybernetics Core  
  24  5:06  Probe (Chrono Boost)  
  25  5:17  Probe (Chrono Boost)  
  26  5:21  Stargate  
  26  5:27  Probe (Chrono Boost)  
  26  5:28  Stargate  
  27  5:30  Stargate  
  27  5:33  Protoss Air Armor Level 1, Stargate  
  27  5:35  Pylon, Protoss Air Weapons Level 1  
  27  5:38  Probe (Chrono Boost)  
  28  5:48  Probe (Chrono Boost)  
  29  6:20  Void Ray x2  
  29  6:22  Void Ray  
  41  6:27  Probe (Chrono Boost)  
  42  6:38  Probe (Chrono Boost)  
  43  6:44  Void Ray  
  22  7:56  Probe (Chrono Boost)  
  23  8:02  Probe (Chrono Boost)  
  24  8:06  Probe (Chrono Boost), Void Ray  
  24  8:09  Void Ray  
  34  8:12  Probe (Chrono Boost)  
  34  8:17  Probe (Chrono Boost), Void Ray  
  39  8:22  Void Ray  
  39  8:23  Probe (Chrono Boost)  
  44  8:34  Probe (Chrono Boost)  
  45  8:44  Probe (Chrono Boost)  
  46  8:55  Probe (Chrono Boost)  
  47  8:59  Void Ray  
  47  9:02  Void Ray  
  55  9:38  Void Ray  
  59  10:19  Pylon  
  59  10:28  Pylon  
  59  10:37  Void Ray  
Show
View Real Time Build Order
Export as new Build Order

JUunK Protoss - Winner!

Build Orders: 1 Gate Expand 

Get SALT Encoding   

  12  0:04  Probe (Chrono Boost)  
  13  0:14  Probe (Chrono Boost)  
  14  0:21  Pylon  
  14  0:25  Probe (Chrono Boost)  
  15  0:32  Pylon  
  15  0:39  Probe (Chrono Boost)  
  16  0:50  Gateway  
  16  1:10  Gateway, Probe (Chrono Boost)  
  17  1:30  Nexus  
  17  1:37  Pylon  
  17  1:49  Cybernetics Core  
  17  1:56  Forge  
  17  2:01  Assimilator  
  17  2:04  Probe (Chrono Boost)  
  18  2:10  Assimilator  
  18  2:15  Probe (Chrono Boost)  
  19  2:25  Probe (Chrono Boost)  
  19  2:29  Zealot x2  
  24  2:39  Probe (Chrono Boost)  
  25  2:49  Probe (Chrono Boost)  
  26  3:00  Probe (Chrono Boost)  
  27  3:11  Probe (Chrono Boost)  
  28  3:15  Stalker x2  
  32  3:21  Probe (Chrono Boost)  
  32  3:22  Pylon  
  32  3:26  Mothership Core (Chrono Boost)  
  35  3:31  Probe (Chrono Boost)  
  36  3:34  Pylon  
  36  3:35  Warp Gate (Chrono Boost)  
  36  3:40  Probe  
  36  3:47  Photon Cannon  
  37  3:51  Probe  
  37  3:52  Photon Cannon  
  38  4:00  Photon Cannon  
  38  4:10  Photon Cannon  
  38  4:14  Pylon  
  38  4:18  Probe  
  39  4:29  Probe  
  40  4:32  Protoss Ground Weapons Level 1 (Chrono Boost)  
  40  4:39  Probe  
  40  4:43  Robotics Facility  
  41  4:50  Probe  
  41  4:52  Twilight Council  
  42  4:55  Stalker  
  44  5:00  Probe  
  47  5:12  Gateway  
  45  5:15  Gateway  
  45  5:17  Gateway  
  45  5:24  Gateway  
  45  5:30  Pylon  
  45  5:31  Blink (Chrono Boost)  
  45  5:39  Stalker  
  45  5:40  Stalker  
  49  6:01  Probe  
  50  6:07  Pylon  
  50  6:10  Assimilator  
  50  6:12  Probe  
  50  6:16  Assimilator  
  51  6:22  Protoss Ground Weapons Level 2, Probe  
  51  6:24  Observer  
  53  6:28  Stalker x2  
  53  6:31  Stalker  
  59  6:33  Probe  
  59  6:37  Photon Cannon  
  60  6:43  Probe  
  61  6:54  Probe, Immortal  
  61  6:58  Robotics Facility  
  66  7:04  Probe  
  67  7:14  Robotics Bay  
  67  7:15  Probe  
  68  7:25  Probe  
  69  7:35  Charge (Chrono Boost)  
  69  7:36  Probe  
  69  7:38  Zealot x3  
  69  7:39  Zealot  
  69  7:40  Zealot  
  69  7:43  Zealot  
  82  7:46  Probe  
  83  7:53  Pylon  
  83  7:57  Pylon, Probe  
  83  8:01  Extended Thermal Lance  
  84  8:22  Colossus  
  84  8:26  Nexus  
  90  8:51  Pylon  
  90  8:57  Pylon  
  90  9:01  Stalker x2  
  90  9:02  Stalker x3  
  100  9:03  Stalker  
  100  9:08  Protoss Ground Weapons Level 3 (Chrono Boost)  
  101  9:56  Observer Gravitic Boosters  
  101  9:57  Colossus  
  107  10:03  Nexus  
  105  10:33  Colossus  
  83  11:15  Probe  
  74  11:26  Probe  
  76  11:43  Stalker x3  
  76  11:44  Stalker x2  
Show
View Real Time Build Order
Export as new Build Order

SAaraa Protoss - Winner!

Build Orders:  

Get SALT Encoding   

  12  0:18  Probe (Chrono Boost)  
  13  0:39  Pylon  
  13  0:48  Probe (Chrono Boost)  
  14  0:58  Probe (Chrono Boost)  
  14  1:03  Gateway  
  15  1:20  Nexus  
  15  1:29  Assimilator  
  15  1:34  Probe (Chrono Boost)  
  15  1:36  Assimilator  
  16  1:45  Probe (Chrono Boost)  
  17  2:08  Zealot  
  17  2:11  Probe (Chrono Boost)  
  20  2:19  Pylon  
  20  2:22  Probe (Chrono Boost)  
  21  2:29  Cybernetics Core  
  21  2:32  Probe (Chrono Boost)  
  21  2:35  Zealot  
  24  2:46  Gateway  
  24  2:53  Gateway  
  24  3:22  Forge  
  24  3:26  Mothership Core (Chrono Boost)  
  26  3:42  Pylon  
  26  3:47  Probe (Chrono Boost)  
  27  4:08  Photon Cannon  
  28  4:17  Probe (Chrono Boost)  
  28  4:22  Nexus  
  28  4:26  Stargate  
  28  4:27  Probe (Chrono Boost)  
  29  4:33  Stargate  
  29  4:43  Probe (Chrono Boost)  
  31  4:45  Probe (Chrono Boost)  
  31  4:53  Probe (Chrono Boost)  
  31  4:56  Probe (Chrono Boost)  
  33  5:02  Stalker x2  
  33  5:06  Probe (Chrono Boost)  
  38  5:17  Assimilator, Probe (Chrono Boost)  
  38  5:21  Pylon  
  39  5:28  Probe (Chrono Boost)  
  40  5:38  Probe (Chrono Boost)  
  41  5:56  Probe (Chrono Boost)  
  42  6:07  Probe (Chrono Boost)  
  43  6:13  Nexus  
  43  6:18  Probe (Chrono Boost)  
  44  6:20  Oracle x2  
  50  6:28  Probe (Chrono Boost)  
  50  6:29  Protoss Air Weapons Level 1 (Chrono Boost)  
  51  6:40  Probe  
  51  6:42  Adept x2  
  56  6:56  Void Ray x2  
  56  6:58  Assimilator  
  64  7:03  Pylon  
  59  7:34  Adept x2  
  63  7:38  Void Ray  
  63  7:39  Void Ray  
  63  7:40  Probe  
  72  7:47  Pylon  
  72  7:50  Probe  
  72  7:56  Assimilator  
  73  7:59  Assimilator  
  73  8:01  Probe  
  73  8:04  Probe  
  74  8:11  Probe  
  75  8:15  Probe  
  77  8:20  Photon Cannon  
  77  8:21  Photon Cannon  
  77  8:22  Probe  
  77  8:25  Protoss Air Armor Level 1 (Chrono Boost)  
  78  8:30  Pylon  
  78  8:32  Probe  
  79  8:43  Probe  
  77  9:14  Void Ray x2  
  82  9:49  Stargate  
  82  9:50  Stargate x2  
  82  9:56  Void Ray x2  
  88  10:16  Photon Cannon  
  88  10:18  Nexus  
  86  10:34  Void Ray x2  
  92  10:58  Void Ray x3  
  92  11:03  Nexus  
Show
View Real Time Build Order
Export as new Build Order

Fermi Terran - Winner!

Build Orders: Command Center First (CC), MMM Bio 

Get SALT Encoding   

  12  0:01  SCV  
  13  0:13  SCV  
  14  0:19  Supply Depot  
  14  0:25  SCV  
  15  0:40  SCV  
  16  1:07  Command Center  
  16  1:13  SCV  
  17  1:25  SCV  
  18  1:36  Barracks  
  18  1:37  SCV  
  19  1:42  Barracks  
  19  1:56  SCV  
  20  2:24  Orbital Command  
  20  2:26  Orbital Command  
  20  2:27  Barracks  
  20  2:32  Marine x2  
  22  2:37  Refinery  
  22  2:41  Refinery  
  22  2:49  Marine x2  
  22  2:50  SCV  
  25  2:52  SCV  
  26  3:03  SCV  
  26  3:04  SCV  
  28  3:07  Marine  
  29  3:13  Barracks Tech Lab  
  29  3:15  SCV  
  29  3:16  Marine  
  31  3:22  SCV  
  32  3:28  Marine  
  32  3:33  Stimpack  
  33  3:34  Marine x2  
  35  3:46  Marine  
  36  3:49  Factory  
  36  3:51  SCV x2  
  38  3:58  Engineering Bay  
  38  4:00  Engineering Bay  
  38  4:02  Supply Depot  
  38  4:04  Supply Depot  
  38  4:13  Marine x3  
  41  4:24  Refinery  
  41  4:25  Refinery  
  41  4:26  SCV x2  
  43  4:31  Marine x3  
  43  4:33  Supply Depot  
  43  4:37  Starport, Factory Reactor  
  46  4:43  SCV x2  
  48  4:49  Marine x3  
  51  4:55  SCV x2  
  51  4:56  Terran Infantry Weapons Level 1  
  53  5:01  Terran Infantry Armor Level 1  
  53  5:07  Marine x3  
  53  5:12  Supply Depot  
  56  5:27  Medivac x2  
  60  5:30  Marine  
  60  5:31  Marine x2  
  63  5:48  Marine x3  
  66  5:53  Supply Depot  
  66  6:00  Medivac  
  66  6:01  Medivac  
  70  6:06  Marine x3  
  70  6:08  Armory  
  73  6:12  Combat Shields  
  73  6:16  Supply Depot  
  73  6:24  Marine x2  
  75  6:36  Missile Turret  
  75  6:40  Missile Turret  
  75  7:02  Supply Depot  
  75  7:13  Missile Turret  
  75  7:14  Command Center  
  75  7:17  Barracks Reactor  
  75  7:19  Barracks Reactor  
  75  7:20  Marine  
  76  7:25  Supply Depot  
  76  7:32  Missile Turret  
  76  7:38  Marine  
  76  7:39  Terran Infantry Weapons Level 2  
  77  7:50  SCV x2  
  79  7:53  Marine  
  79  7:55  Missile Turret, Marine  
  79  7:56  Marine  
  79  7:57  Marine x2  
  84  8:02  Supply Depot, SCV  
  84  8:03  SCV  
  86  8:11  Marine  
  87  8:13  Terran Infantry Armor Level 2, Marine  
  87  8:14  Marine  
  87  8:15  SCV  
  87  8:19  Medivac x2, Missile Turret  
  94  8:34  Marine x2  
  94  8:35  Marine x3  
  99  8:52  Marine x4  
  99  8:53  Marine  
  104  9:05  Barracks  
  104  9:07  Barracks  
  104  9:11  Barracks x2  
  104  9:54  Barracks  
  104  9:58  Barracks Reactor x4  
  74  10:58  Barracks Reactor  
  74  10:59  Marine  
  74  11:00  Marine x12  
  82  11:17  Marine  
  82  11:18  Marine x12  
Show
View Real Time Build Order
Export as new Build Order

DaemonHell Protoss - Winner!

Build Orders: 1 Gate Expand 

Get SALT Encoding   

  12  0:01  Probe (Chrono Boost)  
  13  0:15  Pylon  
  13  0:18  Probe (Chrono Boost)  
  14  0:29  Probe (Chrono Boost)  
  15  0:37  Gateway  
  15  0:40  Probe (Chrono Boost)  
  16  0:51  Probe (Chrono Boost)  
  17  1:01  Probe (Chrono Boost)  
  17  1:03  Assimilator  
  18  1:12  Probe (Chrono Boost)  
  19  1:22  Probe (Chrono Boost)  
  20  1:31  Nexus  
  20  1:33  Probe (Chrono Boost)  
  21  1:43  Probe (Chrono Boost)  
  22  1:48  Pylon  
  22  2:01  Cybernetics Core  
  22  2:04  Pylon  
  22  2:13  Zealot  
  22  3:04  Probe (Chrono Boost)  
  23  3:13  Stargate  
  23  3:15  Probe (Chrono Boost)  
  23  3:16  Pylon x2  
  24  3:23  Probe (Chrono Boost)  
  24  3:25  Probe (Chrono Boost)  
  26  3:30  Assimilator  
  27  3:34  Assimilator, Probe (Chrono Boost)  
  27  3:36  Probe (Chrono Boost)  
  27  3:41  Assimilator  
  28  3:44  Probe (Chrono Boost)  
  28  3:46  Probe (Chrono Boost)  
  28  3:47  Stargate  
  30  3:55  Probe (Chrono Boost)  
  31  3:57  Probe (Chrono Boost)  
  32  4:04  Phoenix  
  32  4:05  Probe (Chrono Boost)  
  32  4:08  Probe (Chrono Boost)  
  36  4:16  Probe (Chrono Boost)  
  37  4:18  Probe (Chrono Boost)  
  38  4:27  Probe (Chrono Boost)  
  38  4:29  Probe (Chrono Boost)  
  38  4:30  Pylon, Stargate  
  40  4:33  Phoenix  
  40  4:37  Probe (Chrono Boost)  
  43  4:39  Phoenix, Probe (Chrono Boost)  
  46  4:48  Probe (Chrono Boost)  
  47  5:04  Stargate  
  47  5:11  Phoenix x2  
  51  5:20  Phoenix  
  53  5:36  Phoenix, Nexus  
  53  5:38  Pylon  
  53  5:40  Pylon  
  53  5:42  Assimilator  
  55  5:45  Assimilator  
  55  5:49  Phoenix x2  
  59  6:06  Phoenix  
  58  6:14  Phoenix  
  42  6:32  Probe (Chrono Boost)  
  43  6:37  Phoenix  
  43  6:38  Phoenix  
  47  6:42  Probe (Chrono Boost)  
  47  6:43  Probe (Chrono Boost)  
  49  6:53  Probe x2 (Chrono Boost)  
  51  7:03  Probe (Chrono Boost)  
  51  7:04  Probe (Chrono Boost)  
  51  7:07  Phoenix  
  55  7:14  Probe x2 (Chrono Boost)  
  57  7:25  Probe (Chrono Boost)  
  48  7:41  Phoenix x2  
  52  7:49  Probe (Chrono Boost)  
  53  7:52  Probe (Chrono Boost)  
  53  7:55  Probe (Chrono Boost)  
  55  7:59  Probe (Chrono Boost)  
  55  8:02  Probe (Chrono Boost)  
  57  8:06  Probe (Chrono Boost)  
  57  8:10  Probe (Chrono Boost), Void Ray  
  63  8:13  Probe (Chrono Boost)  
  63  8:14  Protoss Air Weapons Level 1 (Chrono Boost)  
  63  8:17  Probe (Chrono Boost)  
  65  8:26  Void Ray  
  69  8:50  Void Ray x2  
  75  9:25  Void Ray x2  
  83  9:33  Void Ray  
  83  9:38  Phoenix  
  89  9:49  Probe  
  89  9:52  Probe  
  90  9:59  Probe  
  91  10:02  Probe  
  91  10:03  Phoenix  
  95  10:08  Phoenix x2  
  95  10:10  Probe  
  95  10:13  Probe  
  95  10:14  Forge  
  100  10:18  Fleet Beacon  
  101  10:23  Probe  
  101  10:24  Mothership Core  
  104  10:31  Phoenix  
  106  10:42  Pylon x2  
  106  10:44  Pylon  
Tags
 
Add a new tag
Caveats
  • Supply blocks, unpowered buildings, or Contaminate may cause inaccurate times.
  • Supply counts are checked every 10 seconds.